 Dungeon Crawl Stone Soup version 0.29-a0-459-g97dee8cd24 (webtiles) character file.

Game seed: 2765547940797538009

252481 holysushi the Intangible (level 20, -4/137 HPs)
             Began as an Octopode Monk on May 20, 2022.
             Was an Initiate of Gozag.
             Slain by a seven-headed hydra (9 damage)
             ... while paralysed by a fenstrider witch
             ... on level 4 of the Swamp on May 21, 2022.
             The game lasted 01:18:36 (42777 turns).

holysushi the Intangible (Octopode Monk)           Turns: 42777, Time: 01:18:37

Health: -4/137     AC: 19    Str: 28    XL:     20   Next: 13%
Magic:  18/18      EV:  2    Int:  8    God:    Gozag
Gold:   3069       SH:  0    Dex: 41    Spells: 19/19 levels left

rFire   + + +      SeeInvis +   Z - +2 rapier (elec)
rCold   + . .      Faith    .   I - +3 tower shield {AC+3}
rNeg    + + .      Spirit   .   D - +3 hat of Liberalism {rF+ Str+7 Int-2}
rPois   +          Reflect  .   W - amulet "Taus" {RegenMP rPois Dex+3 SInv}
rElec   +          Harm     .   U - +6 ring of dexterity
rCorr   .          Rampage  .   y - +4 ring of protection
Will    ++...                   r - ring of Linearity {rF+++ rN+ Int-3 Dex+3}
Stlth   ++++++++++              v - +4 ring of protection
HPRegen 0.32/turn               N - ring of the Tarantula {rN+ Str+4 Dex+6}
MPRegen 0.56/turn               O - ring of Kimech {rF+ rC+ Str+4 Slay+2 SInv}
                                Q - ring "Tiadaed" {Wiz rElec Will+ Dex+3}
                                T - +4 ring of protection

@: paralysed, gold aura
A: almost no armour, amphibious, 8 rings, camouflage 1, gelatinous body 1,
nimble swimmer 1, tentacles, low MP 1
}: 1/15 runes: serpentine
a: Renounce Religion, Potion Petition, Call Merchant, Bribe Branch


You were on level 4 of the Swamp.
You worshipped Gozag.
Gozag was most pleased with you.
You visited 7 branches of the dungeon, and saw 32 of its levels.
You also visited: Sewer, Bailey, Gauntlet, Volcano and Wizlab.

You collected 14659 gold pieces.
You spent 4094 gold pieces at shops.
You paid 7496 gold pieces to Gozag.

Inventory:

Hand Weapons
 G - a +4 rapier of speed
 Z - a +2 rapier of electrocution (weapon)
Armour
 f - a +5 kite shield
 D - the +3 hat of Liberalism (worn) {rF+ Str+7 Int-2}
   (You found it in a Gauntlet)

   Str:       It affects your strength (+7).
   Int:       It affects your intelligence (-2).
   rF:        It protects you from fire.
 I - a +3 tower shield of protection (worn)
Jewellery
 a - the amulet of Fanaticism {Reflect rC+ rCorr Str+4 SH+5}
   (You took it off a Hellbinder in a wizard's laboratory)

   [amulet of reflection]

   It reflects blocked missile attacks.
   Str:       It affects your strength (+4).
   rC:        It protects you from cold.
   rCorr:     It protects you from acid and corrosion.
   SH:        It affects your SH (+5).
 p - the amulet of Tulips {Will+ Regen+}
   (You found it in a wizard's laboratory)

   [amulet of regeneration]

   Regen:     It increases your rate of health regeneration.
   Will:      It increases your willpower.
 r - the ring of Linearity (on tentacle) {rF+++ rN+ Int-3 Dex+3}
   (You found it on level 6 of the Lair of Beasts)

   [ring of positive energy]

   Int:       It affects your intelligence (-3).
   Dex:       It affects your dexterity (+3).
   rF:        It renders you almost immune to fire.
   rN:        It protects you from negative energy.
 s - the amulet of Benevolence {Will+ Regen+ SInv}
   (You took it off a deep elf zephyrmancer on level 3 of the Elven Halls)

   [amulet of regeneration]

   SInv:      It lets you see invisible.
   Regen:     It increases your rate of health regeneration.
   Will:      It increases your willpower.
 v - a +4 ring of protection (on tentacle)
 y - a +4 ring of protection (right tentacle)
 L - a ring of flight
 N - the ring of the Tarantula (on tentacle) {rN+ Str+4 Dex+6}
   (You bought it in a shop on level 1 of the Elven Halls)

   [ring of positive energy]

   Str:       It affects your strength (+4).
   Dex:       It affects your dexterity (+6).
   rN:        It protects you from negative energy.
 O - the ring of Kimech (on tentacle) {rF+ rC+ Str+4 Slay+2 SInv}
   (You bought it in a shop on level 1 of the Lair of Beasts)

   [ring of see invisible]

   Str:       It affects your strength (+4).
   Slay:      It affects your accuracy & damage with ranged weapons and melee
   (+2).
   rF:        It protects you from fire.
   rC:        It protects you from cold.
   SInv:      It lets you see invisible.
 Q - the ring "Tiadaed" (on tentacle) {Wiz rElec Will+ Dex+3}
   (You bought it in a shop on level 1 of the Lair of Beasts)

   [ring of wizardry]

   It improves your spell success rate.
   Dex:       It affects your dexterity (+3).
   rElec:     It insulates you from electricity.
   Will:      It increases your willpower.
 T - a +4 ring of protection (on tentacle)
 U - a +6 ring of dexterity (left tentacle)
 W - the amulet "Taus" (around mantle) {RegenMP rPois Dex+3 SInv}
   (You found it on level 11 of the Dungeon)

   [amulet of magic regeneration]

   It increases your rate of magic regeneration.
   Dex:       It affects your dexterity (+3).
   rPois:     It protects you from poison.
   SInv:      It lets you see invisible.
Wands
 l - a wand of flame (43)
 C - a wand of paralysis (7)
 F - a wand of acid (24)
 J - a wand of polymorph (21)
 K - a wand of digging (22)
 V - a wand of mindburst (19)
Scrolls
 j - 3 scrolls of poison
 k - 2 scrolls of summoning
 o - 15 scrolls of teleportation
 t - 5 scrolls of fear
 w - 4 scrolls of fog
 E - 9 scrolls of blinking
 H - 3 scrolls of magic mapping
 P - 7 scrolls of vulnerability
 Y - 2 scrolls of silence
Potions
 b - 2 potions of ambrosia
 c - 9 potions of brilliance
 d - 6 potions of haste
 e - 7 potions of heal wounds
 g - 9 potions of mutation
 h - 8 potions of flight
 m - 3 potions of attraction
 n - 6 potions of berserk rage
 x - 7 potions of might
 z - 17 potions of curing
 A - 6 potions of lignification
 B - a potion of invisibility
 M - 4 potions of resistance
 R - 2 potions of magic
 S - 2 potions of cancellation
Miscellaneous
 i - a condenser vane
 q - a phial of floods
 u - a box of beasts
 X - a phantom mirror


   Skills:
 - Level 12.1 Fighting
 - Level 14.0 Short Blades
 O Level 27 Dodging
 + Level 15.8 Stealth
 - Level 13.0 Shields
 - Level 3.0 Evocations


You had 19 spell levels left.
You didn't know any spells.
Your spell library contained the following spells:

 Spells                   Type           Power      Damage    Failure   Level
 Beastly Appendage        Tmut           0%         N/A       58%         1
 Foxfire                  Conj/Fire      0%         2x1d4     58%         1
 Freeze                   Ice            0%         1d3       58%         1
 Magic Dart               Conj           0%         1d3       58%         1
 Sandblast                Erth           0%         2d4       58%         1
 Shock                    Conj/Air       0%         1d3       58%         1
 Slow                     Hex            0%         N/A       58%         1
 Sting                    Tmut/Pois      0%         1d3       58%         1
 Passwall                 Tmut/Erth      0%         N/A       71%         2
 Poisonous Vapours        Pois/Air       0%         N/A       71%         2
 Scorch                   Fire           0%         2d5       71%         2
 Static Discharge         Conj/Air       0%         N/A       71%         2
 Wereblood                Tmut           0%         N/A       71%         2
 Call Canine Familiar     Summ           0%         N/A       90%         3
 Confusing Touch          Hex            0%         N/A       90%         3
 Conjure Flame            Conj/Fire      0%         6-21      90%         3
 Dazzling Flash           Conj/Hex       0%         N/A       90%         3
 Frozen Ramparts          Ice            0%         1d2       90%         3
 Ignite Poison            Fire/Tmut/Pois 0%         N/A       90%         3
 Inner Flame              Hex/Fire       0%         N/A       90%         3
 Mephitic Cloud           Conj/Pois/Air  0%         N/A       90%         3
 Ozocubu's Armour         Ice            0%         N/A       90%         3
 Spider Form              Tmut/Pois      0%         N/A       90%         3
 Stone Arrow              Conj/Erth      0%         3d7       90%         3
 Swiftness                Air            0%         N/A       90%         3
 Vampiric Draining        Necr           0%         2d6       90%         3
 Airstrike                Air            0%         N/A       99%         4
 Anguish                  Hex/Necr       0%         N/A       99%         4
 Dispel Undead            Necr           0%         3d6       99%         4
 Flame Wave               Conj/Fire      0%         2d4       99%         4
 Fulminant Prism          Conj/Hex       0%         3d6       99%         4
 Hailstorm                Conj/Ice       0%         3d3       99%         4
 Iskenderun's Mystic Bla  Conj/Tloc      0%         2d3       99%         4
 Olgreb's Toxic Radiance  Pois           0%         N/A       99%         4
 Sticky Flame             Conj/Fire      0%         2d3       99%         4
 Summon Lightning Spire   Summ/Air       0%         N/A       99%         4
 Alistair's Intoxication  Tmut/Pois      0%         N/A       100%        5
 Blade Hands              Tmut           0%         N/A       100%        5
 Borgnjor's Vile Clutch   Necr/Erth      0%         N/A       100%        5
 Fireball                 Conj/Fire      0%         3d3       100%        5
 Freezing Cloud           Conj/Ice/Air   0%         6-21      100%        5
 Irradiate                Conj/Tmut      0%         3d13      100%        5
 Iskenderun's Battlesphe  Conj           0%         2d6       100%        5
 Lee's Rapid Deconstruct  Erth           0%         3d5*      100%        5
 Lightning Bolt           Conj/Air       0%         1d11      100%        5
 Metabolic Englaciation   Hex/Ice        0%         N/A       100%        5
 Summon Forest            Summ/Tloc      0%         N/A       100%        5
 Eringya's Noxious Bog    Tmut/Pois      0%         N/A       100%        6
 Iron Shot                Conj/Erth      0%         9d1       100%        6
 Starburst                Conj/Fire      0%         6d3       100%        6
 Summon Cactus Giant      Summ           0%         N/A       100%        6
 Dragon Form              Tmut           0%         N/A       100%        7
 Enfeeble                 Hex            0%         N/A       100%        7
 Haunt                    Necr/Summ      0%         N/A       100%        7
 Spellforged Servitor     Conj/Summ      0%         N/A       100%        7
 Summon Hydra             Summ           0%         N/A       100%        7
 Ignition                 Fire           0%         3d3       100%        8
 Infestation              Necr           0%         N/A       100%        8
 Chain Lightning          Conj/Air       0%         N/A       100%        9
 Polar Vortex             Ice            0%         N/A       100%        9
 Animate Armour           Summ/Erth      Unusable   N/A       N/A         4
 Animate Dead             Necr           Unusable   N/A       N/A         4
 Corpse Rot               Necr/Pois/Air  Unusable   N/A       N/A         4
 Simulacrum               Ice/Necr       Unusable   N/A       N/A         6

Dungeon Overview and Level Annotations

Branches:
Dungeon (12/15)            Temple (1/1) D:5            Lair (6/6) D:8
  Swamp (4/4) Lair:2        Snake (4/4) Lair:4        Slime (0/5) Lair:5
    Orc (2/2) D:10            Elf (3/3) Orc:2         Sewer (visited)
 Bailey (visited)         Volcano (visited)          WizLab (visited)
Gauntlet (visited)

Altars:
Ashenzari
Cheibriados
Dithmenos
Elyvilon
Fedhas
Gozag
Hepliaklqana
Kikubaaqudgha
Makhleb
Nemelex Xobeh
Okawaru
Qazlal
Ru
Sif Muna
Trog
Uskayaw
Vehumet
Wu Jian
Xom
Yredelemnul
Zin
The Shining One
Beogh
Jiyva

Shops:
D:5 (!   D:7 [   D:8 !   D:12 **[   Orc:2 [?((   Elf:1 *=   Elf:3 ([   Lair:1 =
Lair:4 *   Lair:6 :((   Snake:1 (

Annotations:
D:6 2 transporters, Taurus's ghost, novice DECj
D:10 exclusion: downstairs
D:12 3 runed translucent doors, sirJeffrey23's ghost, journeyman HOMo
Orc:1 3 runed translucent doors, NateTC's ghost, journeyman DDFi
Elf:3 3 runed translucent doors


Innate Abilities, Weirdness & Mutations

You cannot wear most types of armour.
You are amphibious.
You can wear up to eight rings at the same time.
Your skin changes colour to match your surroundings (Stealth+).
Your rubbery body absorbs attacks. (AC +1, EV +1)
You are camouflaged when in or above water. (Stealth+)
You have tentacles for arms and can constrict up to eight enemies at once.
Your magical capacity is low. (-10% MP)


Message History

A spriggan rider comes into view. It is wielding a +0 spear. x2
You block the fenstrider witch's attack. x2
Unknown command.
The spriggan rider shouts!
You puncture the will-o-the-wisp!
You destroy the will-o-the-wisp!
You block the seven-headed hydra's attack. x3
The seven-headed hydra bites you but does no damage.
The seven-headed hydra completely misses you. x3
The fenstrider witch casts a spell at you.
The toxic sludge misses you.
The toxic sludge hits the seven-headed hydra!
The seven-headed hydra partially resists.
The seven-headed hydra is poisoned.
The fenstrider witch gestures at you while chanting.
You suddenly lose the ability to move!
The fenstrider witch hits you.
The fenstrider witch kicks you but does no damage.
The seven-headed hydra festers in the toxic bog!
The seven-headed hydra looks as sick as possible!
The seven-headed hydra bites you! The seven-headed hydra bites you.
The seven-headed hydra bites you! x2
* * * LOW HITPOINT WARNING * * *
The seven-headed hydra bites you!
* * * LOW HITPOINT WARNING * * *
The seven-headed hydra bites you but does no damage.
The seven-headed hydra bites you!
* * * LOW HITPOINT WARNING * * *
The fenstrider witch hits you but does no damage.
The fenstrider witch kicks you!
* * * LOW HITPOINT WARNING * * *
The swamp drake bites you but does no damage.
A swamp dragon comes into view.
The seven-headed hydra festers in the toxic bog.
The seven-headed hydra looks as sick as possible!
The seven-headed hydra barely misses you.
The seven-headed hydra bites you but does no damage.
The seven-headed hydra bites you!
You die...
Your body crumbles into a pile of gold.

≈≈≈≈≈≈≈ §≈≈≈≈≈
≈.≈# ♣≈≈≈§.
...♣## D
♣.≈≈.♣♣♣.≈≈≈##.#
♣.≈§.♣♣..≈$.≈.≈.
♣≈≈≈≈.♣...≈.≈♣.♣
♣..§.♣♣.≈§D≈≈.♣
♣..§♣≈DH≈≈≈.≈♣
♣♣<♣.$@kD≈≈≈.♣
♣♣≈.≈≈$≈≈≈♣♣♣
≈≈≈≈♣.H≈≈≈≈≈≈≈♣
≈≈≈≈≈♣.≈≈≈≈^!.≈♣
♣≈≈≈ i≈≈≈≈≈..?..
.≈♣♣♣≈i≈≈≈≈≈.≈≈≈.
. i≈≈≈..≈.♣..≈≈
.?§♣♣♣≈..≈≈≈≈≈ $


You could see a seven-headed hydra (extremely poisoned), a five-headed hydra, 2
swamp dragons, 2 fenstrider witches, 3 spriggan riders and a swamp drake.

Vanquished Creatures
  Bai Suzhen (Snake:4)
  A Hellbinder (WizLab)
  Jorgrun (Orc:1)
  2 deep elf blademasters (Elf:3)
  A deep elf master archer (Elf:3)
  7 nagarajas (Snake:4)
  6 deep elf sorcerers
  A balrug (WizLab)
  Aizul (Snake:3)
  A cacodemon (WizLab)
  6 deep elf elementalists
  A broodmother (shapeshifter) (Elf:1)
  A demonspawn black sun (WizLab)
  7 eleionomae
  4 deep elf demonologists (Elf:3)
  A lorocyproca (WizLab)
  A dire elephant (Lair:6)
  10 deep elf annihilators
  3 bunyips
  A minotaur (Gauntlet)
  Snorg (D:11)
  A fire dragon (shapeshifter) (Elf:1)
  2 green deaths (WizLab)
  5 deep elf death magi (Elf:3)
  A blizzard demon (WizLab)
  Josephine (Lair:6)
  4 deep elf high priests (Elf:3)
  11 hydras
  A centaur warrior (Volcano)
  Harold (D:10)
  A salamander tyrant (Snake:4)
  13 anacondas
  3 catoblepae
  14 naga warriors
  A ghost crab (Swamp:2)
  2 two-headed ogres (D:12)
  3 death yaks (Lair:6)
  16 naga sharpshooters
  2 death scarabs (Gauntlet)
  6 alligators
  A sun demon (WizLab)
  Urug (Lair:2)
  4 shock serpents (Snake:4)
  An orc high priest (Elf:1)
  A hell knight (Volcano)
  A fire crab (shapeshifter) (Elf:1)
  27 deep elf knights
  A sixfirhy (WizLab)
  5 salamander mystics
  3 spriggan druids
  A goliath frog (Swamp:1)
  A glowing orange brain (shapeshifter) (Elf:3)
  A swamp dragon (Swamp:1)
  11 sea snakes
  5 lindwurms (Lair:6)
  3 bog bodies
  A wizard (Elf:1)
  7 naga ritualists
  An orc knight (Orc:2)
  13 deep elf archers
  27 deep elf pyromancers
  8 orc sorcerers (Orc:2)
  7 mana vipers
  2 ugly things (D:12)
  27 deep elf zephyrmancers
  5 will-o-the-wisps
  16 elephants
  5 cyclopes
  4 manticores
  15 salamanders
  Joseph (D:7)
  19 naga magi
  38 black mambas
  7 guardian serpents
  2 rust devils (WizLab)
  2 molten gargoyles (Volcano)
  A torpor snail (Lair:6)
  A smoke demon (WizLab)
  A gargoyle (Bailey)
  2 orange demons (WizLab)
  11 cane toads
  An unseen horror (shapeshifter) (Elf:1)
  2 hellwings (WizLab)
  6 rime drakes
  A hellion (WizLab)
  6 komodo dragons
  2 tormentors (WizLab)
  2 yaktaurs (Volcano)
  A red devil (WizLab)
  5 ice devils (WizLab)
  4 trolls
  7 tyrant leeches
  A hornet (shapeshifter) (Elf:1)
  4 hornets
  20 blink frogs
  11 polar bears
  3 raiju (Lair:6)
  Prince Ribbit (D:7)
  4 slime creatures (D:12)
  7 dream sheep
  4 air elementals
  A spriggan (shapeshifter) (Elf:1)
  A shadow (D:11)
  4 spriggans (Swamp:2)
  7 wraiths
  3 vampires
  3 fire elementals
  17 vampire mosquitoes
  9 wyverns
  A yak (shapeshifter) (Elf:1)
  4 basilisks
  37 yaks
  2 fire bats (Volcano)
  A chaos spawn (WizLab)
  A neqoxec (WizLab)
  A spectral komodo dragon (Gauntlet)
  A redback (shapeshifter) (Elf:1)
  2 steam dragons
  44 nagas
  7 wargs
  An acid dragon (D:12)
  34 water moccasins
  10 swamp worms
  12 hell hounds (Lair:6)
  11 orc warriors
  Duvessa (D:4)
  9 swamp drakes
  A swamp drake (shapeshifter) (Elf:1)
  A sky beast (D:6)
  An ice beast (D:6)
  15 black bears
  11 ogres
  28 wolves
  2 boggarts (Elf:1)
  9 centaurs
  A phantom (D:5)
  5 kobold brigands
  6 bullfrogs
  2 necrophages
  An earth elemental (Elf:2)
  5 scorpions
  24 wights
  Dowan (D:4)
  3 killer bees (D:10)
  5 electric eels
  6 vampire bats (Bailey)
  6 lava snakes (Volcano)
  5 wolf zombies (Bailey)
  A howler monkey (D:7)
  12 orc priests
  5 hounds
  4 iguanas
  42 orc wizards
  4 hell rats (Lair:3)
  Robin (D:2)
  9 gnolls
  23 orc zombies (Bailey)
  25 adders
  4 river rats (Sewer)
  2 shadow imps (Gauntlet)
  14 white imps
  2 ufetubi
  2 worms
  8 dart slugs
  85 orcs
  7 ball pythons
  9 endoplasms
  5 giant cockroaches
  16 goblins
  15 hobgoblins
  16 jackals
  17 kobolds
  9 quokkas
  4 bats
  12 frilled lizards
  9 rats
1252 creatures vanquished.

Vanquished Creatures (others)
  22 dancing weapons
  A deep elf pyromancer (Elf:3)
  A naga mage (Snake:4)
  2 bloated husks
  A chaos spawn (WizLab)
  29 foxfires
  46 fungi
  67 plants
169 creatures vanquished.

Grand Total: 1421 creatures vanquished

Notes
Turn   | Place    | Note
-------+----------+-------------------------------------------
     0 | D:1      | holysushi the Octopode Monk began the quest for the Orb.
     0 | D:1      | Reached XP level 1. HP: 16/16 MP: 1/1
    29 | D:1      | Reached XP level 2. HP: 17/21 MP: 2/2
   436 | D:1      | Reached XP level 3. HP: 10/26 MP: 3/3
  1423 | D:2      | Reached XP level 4. HP: 19/31 MP: 4/4
  1433 | D:2      | Reached skill level 5 in Short Blades
  1717 | D:2      | Found a radiant altar of Vehumet.
  1865 | D:2      | Noticed Robin
  1881 | D:2      | Killed Robin
  1882 | D:2      | Reached XP level 5. HP: 18/36 MP: 5/5
  2534 | D:3      | Noticed an ogre
  2535 | D:3      | Killed an ogre
  2536 | D:3      | Reached XP level 6. HP: 42/42 MP: 6/6
  2902 | D:3      | Found a glowing drain.
  2910 | Sewer    | Entered a sewer
  3163 | Sewer    | Reached XP level 7. HP: 46/46 MP: 7/7
  3766 | D:3      | Found a faded altar of an unknown god.
  4129 | D:4      | Noticed Duvessa
  4151 | D:4      | Killed Duvessa
  4157 | D:4      | Noticed Dowan
  4179 | D:4      | Killed Dowan
  5103 | D:4      | Reached XP level 8. HP: 52/52 MP: 8/8
  5257 | D:5      | Entered Level 5 of the Dungeon
  5404 | D:4      | HP: 2/52 [orc/+0 short sword (4)]
  5926 | D:5      | Reached skill level 10 in Short Blades
  6109 | D:5      | Found a staircase to the Ecumenical Temple.
  6649 | Temple   | Entered the Ecumenical Temple
  6806 | Temple   | Became a worshipper of Gozag Ym Sagoz the Greedy
  6946 | D:5      | Found Jun Olos's Weapon Shoppe.
  7237 | D:5      | Found Baih's Distillery.
  7240 | D:5      | Bought a potion of might for 60 gold pieces
  7240 | D:5      | Bought a potion of curing for 45 gold pieces
  7240 | D:5      | Bought a potion of lignification for 45 gold pieces
  7240 | D:5      | Bought a potion of haste for 150 gold pieces
  7240 | D:5      | Bought a potion of degeneration for 15 gold pieces
  7323 | D:5      | Reached skill level 5 in Stealth
  7953 | D:5      | Bought a potion of attraction for 45 gold pieces
  7973 | D:6      | Reached XP level 9. HP: 48/56 MP: 9/9
  8216 | D:6      | Reached skill level 4 in Dodging
  8390 | D:6      | Reached skill level 1 in Shields
  8779 | D:6      | Found a transporter.
  8784 | D:6      | Found a transporter.
  8784 | D:6      | Noticed a queen bee
  8784 | D:6      | Noticed Taurus's ghost (novice DECj)
  8876 | D:7      | Noticed Joseph
  8882 | D:7      | Reached skill level 5 in Dodging
  9238 | D:7      | Reached skill level 6 in Dodging
  9238 | D:7      | Reached skill level 5 in Shields
  9271 | D:7      | Found Wesasymm's Antique Armour Boutique.
  9308 | D:7      | Reached XP level 10. HP: 55/63 MP: 10/10
  9543 | D:7      | Noticed Prince Ribbit
  9549 | D:7      | Killed Prince Ribbit
  9555 | D:7      | Found a flagged portal.
  9565 | Bailey   | Entered a bailey
  9644 | Bailey   | Reached skill level 7 in Dodging
  9960 | Bailey   | Noticed a gargoyle
  9980 | Bailey   | Killed a gargoyle
 10042 | Bailey   | Reached skill level 1 in Evocations
 10047 | Bailey   | Identified the +1 leather armour of Syndicalism {+Blink rN+
                  | Will- Dex+7}
 10094 | Bailey   | Identified the +5 mace of Jimuch {pain, Dex+4}
 10282 | D:7      | Killed Joseph
 10547 | D:8      | Found Heumaofo's Distillery.
 10556 | D:8      | Bought a potion of curing for 45 gold pieces
 10556 | D:8      | Bought a potion of heal wounds for 75 gold pieces
 10556 | D:8      | Bought a potion of curing for 45 gold pieces
 10556 | D:8      | Bought a potion of might for 60 gold pieces
 10632 | D:8      | Reached skill level 8 in Dodging
 11143 | D:8      | Reached skill level 9 in Dodging
 11196 | D:8      | Found a staircase to the Lair.
 11373 | D:8      | Found a shimmering altar of Xom.
 11400 | D:8      | Reached XP level 11. HP: 66/67 MP: 11/11
 11748 | D:9      | Reached skill level 10 in Dodging
 12073 | D:9      | You fall into a shaft and drop 3 floors!
 12150 | D:12     | Noticed a cyclops
 12211 | D:12     | Noticed a five-headed hydra
 12216 | D:12     | Killed a five-headed hydra
 12228 | D:11     | Noticed a cyclops
 12240 | D:11     | Killed a cyclops
 12241 | D:11     | Reached skill level 11 in Dodging
 12453 | D:10     | Entered Level 10 of the Dungeon
 12680 | D:10     | Found a staircase to the Orcish Mines.
 13017 | D:10     | Noticed Harold
 13159 | D:10     | Killed Harold
 13160 | D:10     | Reached skill level 12 in Dodging
 14379 | D:11     | Noticed Snorg
 14483 | Lair:1   | Entered Level 1 of the Lair of Beasts
 14571 | Lair:1   | Reached skill level 13 in Dodging
 14806 | Lair:1   | Reached XP level 12. HP: 72/72 MP: 12/12
 15040 | Lair:1   | Noticed a six-headed hydra
 15050 | Lair:1   | Killed a six-headed hydra
 15051 | Lair:1   | Reached skill level 14 in Dodging
 15173 | Lair:1   | Bought the ring of Kimech {rF+ rC+ Str+4 Slay+2 SInv} for
                  | 792 gold pieces
 16191 | Lair:2   | Noticed Urug
 16202 | Lair:2   | Killed Urug
 16435 | Lair:2   | Reached skill level 5 in Fighting
 16509 | Lair:2   | Noticed a catoblepas
 16518 | Lair:2   | Killed a catoblepas
 16669 | Lair:2   | Noticed a five-headed hydra
 16673 | Lair:2   | Noticed a seven-headed hydra
 16677 | Lair:2   | Killed a seven-headed hydra
 16689 | Lair:2   | Killed a five-headed hydra
 16690 | Lair:2   | Reached skill level 15 in Dodging
 16783 | Lair:1   | Bought the ring "Tiadaed" {Wiz rElec Will+ Dex+3} for 838
                  | gold pieces
 16917 | Lair:2   | Reached XP level 13. HP: 81/83 MP: 11/13
 17357 | Lair:2   | Found a staircase to the Swamp.
 17818 | Lair:3   | Reached skill level 16 in Dodging
 19014 | Lair:4   | Found a staircase to the Snake Pit.
 19349 | Lair:5   | Found a dark tunnel.
 19359 | Volcano  | Entered a volcano
 19536 | Volcano  | Reached skill level 17 in Dodging
 19713 | Volcano  | Found a bloodstained altar of Trog.
 20556 | Lair:5   | Found a viscous altar of Jiyva.
 20556 | Lair:5   | Found a staircase to the Slime Pits.
 20928 | Lair:6   | Entered Level 6 of the Lair of Beasts
 20992 | Lair:6   | Reached skill level 18 in Dodging
 21455 | Lair:6   | Reached XP level 14. HP: 89/90 MP: 12/14
 21796 | Lair:6   | Reached skill level 19 in Dodging
 22434 | Lair:6   | Noticed Josephine
 22464 | Lair:6   | Killed Josephine
 22934 | Lair:6   | Identified a scroll of acquirement
 22934 | Lair:6   | Acquired a +6 ring of dexterity
 22992 | Lair:6   | Reached skill level 10 in Shields
 23610 | Lair:6   | Noticed a dire elephant
 23663 | Lair:6   | Killed a dire elephant
 23845 | Lair:6   | Reached XP level 15. HP: 96/96 MP: 15/15
 23925 | Lair:6   | Identified the +0 barding "Potur" {rC+}
 24011 | Lair:6   | Identified the ring of Linearity {rF+++ rN+ Int-3 Dex+3}
 24358 | Orc:1    | Entered Level 1 of the Orcish Mines
 24488 | Orc:1    | Found a runed translucent gate.
 24489 | Orc:1    | Found a runed translucent gate.
 24489 | Orc:1    | Noticed Jorgrun
 24490 | Orc:1    | Found a runed translucent gate.
 24494 | Orc:1    | Identified the +4 plate armour of Joy {rF+ Str+3}
 24504 | Orc:1    | Killed Jorgrun
 24511 | Orc:1    | Noticed NateTC's ghost (journeyman DDFi)
 24513 | Orc:1    | Identified the +6 scale mail "Junesy" {Str+3 Dex+6}
 24644 | Orc:1    | Found an iron altar of Okawaru.
 24684 | Orc:2    | Entered Level 2 of the Orcish Mines
 24783 | Orc:2    | Found a gate leading to a gauntlet.
 24788 | Gauntlet | Entered a Gauntlet
 24788 | Gauntlet | Found a transporter.
 24791 | Gauntlet | Found a transporter.
 24807 | Gauntlet | Found a transporter.
 24811 | Gauntlet | Found a transporter.
 24832 | Gauntlet | Found a transporter.
 24845 | Gauntlet | Found a transporter.
 24859 | Gauntlet | Found a transporter.
 24886 | Gauntlet | Found a transporter.
 24886 | Gauntlet | Found a transporter.
 24893 | Gauntlet | Noticed a cacodemon
 24894 | Gauntlet | Found a transporter.
 24924 | Gauntlet | Found a transporter.
 24928 | Gauntlet | Found a transporter.
 24932 | Gauntlet | Found a runed translucent door.
 24933 | Gauntlet | Found a runed translucent door.
 25131 | Gauntlet | Identified the +3 hat of Liberalism {rF+ Str+7 Int-2}
 25178 | Gauntlet | Identified the +3 cloak of the Fletcher {rPois Regen+ Str-4
                  | Dex+6}
 25214 | Orc:2    | Found a staircase to the Elven Halls.
 25402 | Orc:2    | Paralysed by an orc sorcerer for 2 turns
 25446 | Orc:2    | Found Ruotumet's Magic Scroll Shop.
 25467 | Orc:2    | Found Goser's Armour Emporium.
 25509 | Orc:2    | Bought a scroll of blinking for 105 gold pieces
 25509 | Orc:2    | Bought a scroll of teleportation for 42 gold pieces
 25509 | Orc:2    | Bought a scroll of teleportation for 42 gold pieces
 25509 | Orc:2    | Bought a scroll of magic mapping for 49 gold pieces
 25583 | Orc:2    | Found Kuer's Antique Weapon Emporium.
 25876 | Orc:2    | Found Qam Jage's Antique Weapon Shop.
 26080 | D:11     | Found a radiant altar of Vehumet.
 26272 | D:11     | Got Cerebov's Papyrus of Warped Combat Magic
 26395 | D:11     | Killed Snorg
 26531 | D:11     | Identified the amulet "Taus" {RegenMP rPois Dex+3 SInv}
 26905 | D:12     | Found Hanuh's Armour Shoppe.
 26949 | D:12     | Found Ikoar's Specific Store.
 26950 | D:12     | Found Toafuzou's General Store.
 27214 | D:12     | Reached skill level 10 in Stealth
 27293 | D:12     | Found a runed translucent gate.
 27293 | D:12     | Found a runed translucent gate.
 27295 | D:12     | Found a runed translucent gate.
 27299 | D:12     | Noticed sirJeffrey23's ghost (journeyman HOMo)
 27714 | Elf:1    | Entered Level 1 of the Elven Halls
 27714 | Elf:1    | Noticed a deep elf sorcerer
 27728 | Elf:1    | Killed a deep elf sorcerer
 27787 | Elf:1    | Reached skill level 20 in Dodging
 27798 | Elf:1    | Bought the ring of the Tarantula {rN+ Str+4 Dex+6} for 528
                  | gold pieces
 27832 | Elf:1    | Reached XP level 16. HP: 91/106 MP: 16/16
 28188 | Elf:1    | Found a magical portal.
 28202 | WizLab   | Entered The Hall of the Hellbinder
 28955 | WizLab   | Gained mutation: Your magical capacity is low. (-10% MP) [a
                  | cacodemon]
 28996 | WizLab   | Found a burning altar of Makhleb.
 28998 | WizLab   | Identified the amulet of Fanaticism {Reflect rC+ rCorr
                  | Str+4 SH+5}
 28998 | WizLab   | Noticed Gaossymp
 29385 | WizLab   | Killed Gaossymp the Hellbinder
 29386 | WizLab   | Reached skill level 10 in Fighting
 29441 | WizLab   | Identified the amulet of Tulips {Will+ Regen+}
 29444 | WizLab   | Got Oweucs's Tome of Companions
 29614 | Elf:1    | You fall into a shaft and drop 1 floor!
 30085 | Elf:1    | Reached skill level 21 in Dodging
 30126 | Elf:1    | Got the Volume of Transformation
 30155 | Elf:1    | Found Govedaty's Assorted Antiques.
 30163 | Elf:1    | Bought a scroll of enchant armour for 277 gold pieces
 30428 | Elf:2    | Found a runed translucent gate.
 30429 | Elf:2    | Found a runed translucent gate.
 30429 | Elf:2    | Found a runed translucent gate.
 30516 | Elf:2    | Reached XP level 17. HP: 79/117 MP: 15/15
 31405 | Elf:2    | Reached skill level 22 in Dodging
 31534 | Elf:3    | Entered Level 3 of the Elven Halls
 31964 | Elf:3    | Found Hiesmet's Antique Weapon Boutique.
 32076 | Elf:3    | Noticed an Ice Fiend
 32582 | Elf:3    | Reached skill level 23 in Dodging
 32763 | Elf:3    | Noticed a deep elf blademaster
 32780 | Elf:3    | Killed a deep elf blademaster
 32781 | Elf:3    | Identified the +8 falchion of Qocanem {pain, Int+3}
 32781 | Elf:3    | Identified the amulet of Benevolence {Will+ Regen+ SInv}
 32808 | Elf:3    | Noticed a deep elf master archer
 32815 | Elf:3    | Identified the +0 scale mail "Seyr Mil" {+Inv rF- Regen+
                  | Str+5}
 33139 | Elf:3    | Reached XP level 18. HP: 126/126 MP: 16/16
 33314 | Elf:3    | Noticed a Brimstone Fiend
 33553 | Elf:3    | Identified the +0 chain mail of Dithmenos's Fury {-Tele
                  | Int+5}
 33553 | Elf:3    | Noticed a deep elf blademaster
 33908 | Elf:3    | Found a runed translucent gate.
 33908 | Elf:3    | Found a runed translucent gate.
 33910 | Elf:3    | Found a runed translucent gate.
 34109 | Elf:3    | Killed a deep elf blademaster
 34118 | Elf:3    | Killed a deep elf master archer
 34119 | Elf:3    | Reached skill level 24 in Dodging
 34708 | Snake:1  | Entered Level 1 of the Snake Pit
 35171 | Snake:1  | Found Bibemeiv's Weapon Shoppe.
 35205 | Snake:1  | Bought a +2 rapier of speed for 432 gold pieces
 36325 | Elf:1    | Bought a scroll of enchant armour for 277 gold pieces
 37263 | Snake:2  | Reached skill level 25 in Dodging
 37702 | Snake:3  | Noticed Aizul
 37707 | Snake:3  | Killed Aizul
 38206 | Snake:3  | Reached XP level 19. HP: 131/131 MP: 17/17
 38589 | Snake:4  | Entered Level 4 of the Snake Pit
 38904 | Snake:4  | Reached skill level 26 in Dodging
 39655 | Snake:4  | Got a serpentine rune of Zot
 39835 | Snake:4  | Noticed Bai Suzhen
 39865 | Snake:4  | Killed Bai Suzhen
 40457 | Snake:4  | Reached skill level 27 in Dodging
 40841 | Lair:4   | Bought a scroll of enchant weapon for 127 gold pieces
 40910 | Swamp:1  | Entered Level 1 of the Swamp
 41908 | Swamp:3  | Reached XP level 20. HP: 108/137 MP: 18/18
 41925 | Swamp:3  | Reached skill level 15 in Stealth
 42761 | Swamp:4  | Entered Level 4 of the Swamp
 42775 | Swamp:4  | Paralysed by a fenstrider witch for 2 turns
 42777 | Swamp:4  | HP: 5/137 [fenstrider witch (11)]
 42777 | Swamp:4  | Slain by a seven-headed hydra

Illustrated notes

Levels and vault maps discovered:
D:1:      sevenhm_arrival_forest_fort_small_4, layout_loops_ring,
          minmay_pentomino_x2
D:2:      layout_loops_ring, basic_altar, minmay_joined_circles, uniq_robin
D:3:      layout_loops_ring, basic_ecumenical_altar, gup_sewer_entry_bubbles
D:4:      layout_basic, minmay_starry_boxes, uniq_duvessa
D:5:      layout_gridville, minmay_temple_entry_proselytizer, serial_shops,
          nicolae_shop_waterfront, kennysheep_mini
D:6:      layout_loops_ring, gammafunk_ghost_hive, minmay_manual_mail
D:7:      layout_gridville, serial_shops, shop, enter_bailey_3,
          chequers_decorated_corner, uniq_joseph, uniq_prince_ribbit1
D:8:      layout_layer_cave, mainiacjoe_overflow_brackets, david_lair_generic,
          serial_shops, nicolae_shop_crystal
D:9:      layout_gridville
D:10:     minmay_goldmine, layout_gridville, orc_0_dummy,
          mrwooster_statue_mirror, uniq_harold
D:11:     layout_gridville, vehumet_altar_wand_db, uniq_snorg
D:12:     layout_loops_ring, serial_shops, shop, portal_ice_cave_entry_imps,
          gammafunk_ghost_necromancy, nicolae_specific_store
Temple:   kilobyte_greek_temple
Lair:1:   lemuel_reptile_caves, layout_regular_city, minmay_holes,
          chequers_serial_rivers_large_a, serial_bayou_lake_a,
          lemuel_fruit_fields
Lair:2:   layout_regular_city, palyth_hydra_swamp_entry, lemuel_fruit_tree,
          serial_bayou_shore_b, grunt_megastairs_3, serial_bayou_shore_a,
          uniq_urug
Lair:3:   layout_hall_layers
Lair:4:   layout_misc_corridors, dummy_snake_entry
Lair:5:   layout_regular_city, slime_altar_1, nicolae_volcano_entry_two_sided,
          minmay_lair_drake_nest
Lair:6:   hangedman_lair_in_review, layout_regular_city,
          hangedman_lair_caniforms_friends, minmay_stone_trees_small,
          minmay_lindwurm_lava, uniq_josephine
Swamp:1:  layout_basic_swamp, nicolae_swamp_bean_lake, swamp_pool5
Swamp:2:  layout_falls_marsh, evilmike_swamp_ruin_house_5
Swamp:3:  layout_basic_swamp, hangedman_swamp_ruin_wall, swamp_pool5
Swamp:4:  swamp, layout_basic_swamp, swamp_pool3
Snake:1:  layout_basic, serial_shops, shop
Snake:2:  layout_gridlike
Snake:3:  layout_basic, nicolae_snake_round_shape_thing, uniq_aizul
Snake:4:  grunt_snake_rune_pools, layout_basic, nicolae_snake_gridmaze_tees,
          uniq_bai_suzhen
Orc:1:    layout_caves, gammafunk_ghost_fury_of_okawaru, uniq_fannar,
          uniq_jorgrun, uniq_erica
Orc:2:    st_orc_town, layout_caves, gauntlet_entry_generic
Elf:1:    minmay_elf_arrival_circle, layout_rooms, serial_shops, shop,
          infiniplex_enter_wizlab_glasses, hangedman_elf_disciples,
          nicolae_elf_shapeshifter_party
Elf:2:    nicolae_elf_blades_crystal_corner, layout_loops_corners, st_stairs_10,
          fountainhead
Elf:3:    minmay_elf_hall_curves, layout_loops_ring, nicolae_elf_hall_of_bonks,
          minmay_shop_star

Skill      XL: |  1  2  3  4  5  6  7  8  9 10 11 12 13 14 15 16 17 18 19 20 |
---------------+-------------------------------------------------------------+-----
Short Blades   | 4 5 6 7 9 11 12 14 | 14.0
Stealth        | 5 8 11 12 14 15 | 15.8
Dodging        | 6 9 13 15 18 19 20 21 23 25 27 | 27.0
Shields        | 5 8 13 | 13.0
Evocations     | 3 |  3.0
Fighting       | 6 8 11 12 | 12.1

Action                   |  1- 3 |  4- 6 |  7- 9 | 10-12 | 13-15 | 16-18 | 19-21 || total
-------------------------+-------+-------+-------+-------+-------+-------+-------++-------
Melee: Short sword       |    52 |       |   171 |   729 |  1106 |       |       ||  2058
       Constrict         |    20 |    35 |    63 |   126 |   186 |   191 |    46 ||   667
       Tentacles         |    19 |    26 |    65 |   215 |   535 |   384 |   212 ||  1456
       Dagger            |    28 |   137 |   129 |       |       |       |       ||   294
       Punch             |       |     2 |     5 |    17 |    33 |    22 |    16 ||    95
       Rapier            |       |       |       |       |   397 |  1007 |   604 ||  2008
Invok: Call Merchant     |       |       |       |     1 |     4 |     1 |     1 ||     7
Evoke: Wand              |       |       |       |     7 |     5 |     4 |       ||    16
       Phial of floods   |       |       |       |       |     3 |     1 |       ||     4
       Phantom mirror    |       |       |       |       |     1 |     1 |       ||     2
  Use: Scroll            |       |     4 |    16 |     1 |    16 |     4 |     3 ||    44
       Potion            |       |       |     1 |     1 |     3 |     2 |     1 ||     8
 Stab: Sleeping          |     8 |    20 |    18 |    34 |    31 |    33 |    25 ||   169
       Distracted        |       |     1 |     3 |     7 |    29 |    34 |    22 ||    96
       Paralysed         |       |       |       |     2 |       |       |       ||     2
       Petrified         |       |       |       |       |     1 |       |       ||     1
       Invisible         |       |       |       |       |     7 |       |       ||     7
Armor: Skin              |     6 |     6 |    14 |    89 |   121 |    20 |    26 ||   282
Dodge: Dodged            |    57 |    38 |   109 |   318 |   785 |   459 |   350 ||  2116
Block: Kite shield       |       |       |    63 |   355 |   816 |   558 |       ||  1792
       Tower shield      |       |       |       |       |       |   262 |   668 ||   930

Table legend: (Time is in decaauts)
 A = Elapsed time spent in this place.
 B = Non-inter-level travel time spent in this place.
 C = Inter-level travel time spent in this place.
 D = Time resting spent in this place.
 E = Time spent auto-exploring this place.
 F = Levels seen in this place.
 G = Mean time per level.
                   A        B        C        D        E       F      G
               +--------+--------+--------+--------+--------+-----+--------+
         Total |  41231 |  38604 |   2627 |   8586 |  17840 |  37 | 1114.4 |
       Dungeon |  14594 |  13596 |    998 |   3502 |   6810 |  12 | 1216.2 |
        Temple |    199 |    157 |     42 |      0 |    143 |   1 |  199.0 |
          Lair |   8967 |   8197 |    770 |   1412 |   4123 |   6 | 1494.5 |
         Swamp |   1820 |   1767 |     53 |    177 |   1240 |   4 |  455.0 |
     Snake Pit |   5428 |   5191 |    237 |    918 |   2644 |   4 | 1357.0 |
  Orcish Mines |   1315 |   1085 |    230 |      0 |    514 |   2 |  657.5 |
   Elven Halls |   5283 |   4987 |    296 |   1444 |   1652 |   3 | 1761.0 |
         Sewer |    696 |    696 |      0 |     32 |    445 |   1 |  696.0 |
        Bailey |    624 |    624 |      0 |    141 |    102 |   1 |  624.0 |
       Volcano |    648 |    648 |      0 |    295 |      0 |   1 |  648.0 |
        Wizlab |   1271 |   1271 |      0 |    664 |      9 |   1 | 1271.0 |
      Gauntlet |    381 |    381 |      0 |      0 |    158 |   1 |  381.0 |
               +--------+--------+--------+--------+--------+-----+--------+

Top non-repeatable levels by time:
  Lair:6: 2654 daAuts
   Elf:2: 2342 daAuts
     D:5: 2018 daAuts
   Elf:3: 2002 daAuts
 Snake:4: 1720 daAuts
  Lair:1: 1697 daAuts
     D:4: 1599 daAuts
  Lair:2: 1579 daAuts
    D:10: 1566 daAuts
     D:8: 1386 daAuts
 Snake:3: 1374 daAuts
     D:1: 1316 daAuts
  Lair:5: 1287 daAuts
  WizLab: 1271 daAuts
     D:2: 1183 daAuts
